| TOP OF THE 1ST |
|
Houston Astros batting - Pitching for New York Yankees : RHP Pete Lambert
|
|
Pitching: RHP Pete Lambert
|
|
|
Batting: RHB Lane Thomas
|
0-0: Ball 1-0: Ball 2-0: SINGLE (Flyball, 89S, EV 98.8 MPH)
|
|
Batting: LHB José Villarreal
|
0-0: Bunted foul 0-1: Ball 1-1: Bunted foul 1-2: Foul Ball, location: 7LMF 1-2: SINGLE (Line Drive, 6D, EV 100.0 MPH) Lane Thomas to second
|
|
Batting: LHB Claude Spears
|
0-0: Swinging Strike 0-1: Ball 1-1: Ball 2-1: Foul Ball, location: 7LMF 2-2: Foul Ball, location: 23F 2-2: Ball 3-2: Foul Ball, location: 2F 3-2: Base on Balls Lane Thomas to third José Villarreal to second
|
|
Batting: RHB Starlin Castro
|
0-0: Called Strike 0-1: Called Strike 0-2: Ball 1-2: Ball 2-2: SINGLE (Line Drive, 4MD, EV 106.9 MPH) Lane Thomas scores José Villarreal to third Claude Spears to second
|
|
Batting: LHB Steve McGuire
|
0-0: Called Strike 0-1: Swinging Strike 0-2: Strikes out swinging
|
|
Batting: LHB Devin Jones
|
0-0: Ball 1-0: Called Strike 1-1: Ball 2-1: Foul Ball, location: 2F 2-2: Foul Ball, location: 2F 2-2: Ball 3-2: Strikes out looking
|
|
Batting: RHB Steve Sweet
|
0-0: Called Strike 0-1: Ball 1-1: Foul Ball, location: 5DF 1-2: Strikes out swinging
|
| Top of the 1st over - 1 run, 3 hits, 0 errors, 3 left on base; Houston 1 - New York 0 |
| BOTTOM OF THE 1ST |
|
New York Yankees batting - Pitching for Houston Astros : LHP Kevin Rogers
|
|
Pitching: LHP Kevin Rogers
|
|
|
Batting: SHB Bob MacKerchar
|
0-0: Ball 1-0: Called Strike 1-1: Ball 2-1: Ball 3-1: Base on Balls
|
|
Batting: SHB Jonah Heim
|
0-0: Ball 1-0: Called Strike 1-1: Foul Ball, location: 23F 1-2: Foul Ball, location: 23F 1-2: Foul Ball, location: 2F 1-2: Ball 2-2: Ground out 5-3 (Groundball, 5L, EV 98.1 MPH) Bob MacKerchar to second
|
|
Batting: RHB Israel Ávila
|
0-0: Ball 1-0: Foul Ball, location: 7LMFF 1-1: Foul Ball, location: 2F 1-2: Ball 2-2: Fly out, F7 (Flyball, 7S, EV 95.0 MPH)
|
|
Batting: RHB Li-Jen Chu
|
0-0: Called Strike 0-1: Ball 1-1: Called Strike 1-2: Ball 2-2: Ball 3-2: SINGLE (Groundball, 4MD, EV 100.6 MPH) Bob MacKerchar to third Runner from 3rd tries for Home, SAFE, throw by CF to home
|
|
Batting: RHB David Carrasco
|
0-0: Fielders Choice at 2nd, 6-4 (Groundball, 6, EV 76.3 MPH)
|
| Bottom of the 1st over - 1 run, 1 hit, 0 errors, 1 left on base; Houston 1 - New York 1 |
| TOP OF THE 2ND |
|
Houston Astros batting - Pitching for New York Yankees : RHP Pete Lambert
|
|
Batting: RHB Tyrone Ibarra
|
0-0: Called Strike 0-1: Swinging Strike 0-2: Ground out U3 (Groundball, 3L, EV 68.8 MPH)
|
|
Batting: RHB Ed van Zandvliet
|
0-0: Called Strike 0-1: Ball 1-1: Ball 2-1: Ball 3-1: Foul Ball, location: 9LDF 3-2: Base on Balls
|
|
Batting: RHB Lane Thomas
|
0-0: Ball 1-0: Ball 2-0: Fly out, F4 (Popup, 34D, EV 58.1 MPH)
|
|
Batting: LHB José Villarreal
|
0-0: Fly out, F9 (Line Drive, 9S, EV 96.9 MPH)
|
| Top of the 2nd over - 0 runs, 0 hits, 0 errors, 1 left on base; Houston 1 - New York 1 |
| BOTTOM OF THE 2ND |
|
New York Yankees batting - Pitching for Houston Astros : LHP Kevin Rogers
|
|
Batting: LHB Juan García
|
0-0: Ground out 6-3 (Groundball, 6M, EV 86.3 MPH)
|
|
Batting: LHB Álex Guiñónes
|
0-0: Ball 1-0: Swinging Strike 1-1: Ground out 4-3 (Groundball, 4, EV 86.9 MPH)
|
|
Batting: RHB Willy Adames
|
0-0: Ball 1-0: Called Strike 1-1: Ball 2-1: Called Strike 2-2: Ball 3-2: Foul Ball, location: 2F 3-2: Foul Ball, location: 2F 3-2: SINGLE (Groundball, 6MD, EV 110.0 MPH)
|
|
Batting: RHB Tyrone Taylor
|
0-0: Foul Ball, location: 9LDF 0-1: Called Strike 0-2: Ball 1-2: Strikes out swinging
|
| Bottom of the 2nd over - 0 runs, 1 hit, 0 errors, 1 left on base; Houston 1 - New York 1 |
| TOP OF THE 3RD |
|
Houston Astros batting - Pitching for New York Yankees : RHP Pete Lambert
|
|
Batting: LHB Claude Spears
|
0-0: Ball 1-0: Foul Ball, location: 2LF 1-1: Ball 2-1: Foul Ball, location: 7LMF 2-2: Fly out, F6 (Popup, 56, EV 69.4 MPH)
|
|
Batting: RHB Starlin Castro
|
0-0: Ball 1-0: Ball 2-0: Ground out 4-3 (Groundball, 4MD, EV 98.8 MPH)
|
|
Batting: LHB Steve McGuire
|
0-0: Swinging Strike 0-1: Swinging Strike 0-2: Strikes out swinging
|
| Top of the 3rd over - 0 runs, 0 hits, 0 errors, 0 left on base; Houston 1 - New York 1 |
| BOTTOM OF THE 3RD |
|
New York Yankees batting - Pitching for Houston Astros : LHP Kevin Rogers
|
|
Batting: SHB Bob MacKerchar
|
0-0: Foul Ball, location: 2F 0-1: Ball 1-1: Foul Ball, location: 2F 1-2: Ground out 1-3 (Groundball, 15S, EV 66.9 MPH)
|
|
Batting: SHB Jonah Heim
|
0-0: Ball 1-0: Called Strike 1-1: Foul Ball, location: 25F 1-2: Foul Ball, location: 5FF 1-2: Fly out, F4 (Popup, 4S, EV 68.8 MPH)
|
|
Batting: RHB Israel Ávila
|
0-0: Ball 1-0: Ground out 6-3 (Groundball, 6MD, EV 94.4 MPH)
|
| Bottom of the 3rd over - 0 runs, 0 hits, 0 errors, 0 left on base; Houston 1 - New York 1 |
| TOP OF THE 4TH |
|
Houston Astros batting - Pitching for New York Yankees : RHP Pete Lambert
|
|
Batting: LHB Devin Jones
|
0-0: Foul Ball, location: 2F 0-1: Ball 1-1: Swinging Strike 1-2: Strikes out swinging
|
|
Batting: RHB Steve Sweet
|
0-0: Ball 1-0: Ground out 3-1 (Groundball, 34S, EV 87.5 MPH)
|
|
Batting: RHB Tyrone Ibarra
|
0-0: Called Strike 0-1: Ball 1-1: Foul Ball, location: 9LMF 1-2: Ball 2-2: Ball 3-2: Base on Balls
|
|
Batting: RHB Ed van Zandvliet
|
0-0: Ball 1-0: Called Strike 1-1: Ground out U3 (Groundball, 34, EV 101.3 MPH)
|
| Top of the 4th over - 0 runs, 0 hits, 0 errors, 1 left on base; Houston 1 - New York 1 |
| BOTTOM OF THE 4TH |
|
New York Yankees batting - Pitching for Houston Astros : LHP Kevin Rogers
|
|
Batting: RHB Li-Jen Chu
|
0-0: Ball 1-0: Called Strike 1-1: Ball 2-1: Ball 3-1: Ground out 6-3 (Groundball, 6S, EV 85.0 MPH)
|
|
Batting: RHB David Carrasco
|
0-0: Called Strike 0-1: Reached on error, E4 (Groundball, 4, EV 105.6 MPH)
|
|
Batting: LHB Juan García
|
0-0: Swinging Strike 0-1: Called Strike 0-2: Ground out 6-3 (Groundball, 6S, EV 73.8 MPH) David Carrasco to second
|
|
Batting: LHB Álex Guiñónes
|
0-0: Fly out, F7 (Flyball, 7LSF, EV 91.9 MPH)
|
| Bottom of the 4th over - 0 runs, 0 hits, 1 error, 1 left on base; Houston 1 - New York 1 |
| TOP OF THE 5TH |
|
Houston Astros batting - Pitching for New York Yankees : RHP Pete Lambert
|
|
Batting: RHB Lane Thomas
|
0-0: Ball 1-0: Ball 2-0: Foul Ball, location: 2F 2-1: Ball 3-1: Base on Balls
|
|
Batting: LHB José Villarreal
|
0-0: Ball 1-0: Bunted foul 1-1: Bunt missed! 1-2: Strikes out swinging
|
|
Batting: LHB Claude Spears
|
0-0: Ball 1-0: Foul Ball, location: 2F 1-1: Ball 2-1: Ball Lane Thomas steals 2nd base (no throw) 3-1: Base on Balls
|
|
Batting: RHB Starlin Castro
|
0-0: Fly out, F9 (Flyball, 89M, EV 78.1 MPH)
|
|
Batting: LHB Steve McGuire
|
0-0: Called Strike 0-1: Ground out 4-3 (Groundball, 34, EV 102.5 MPH)
|
| Top of the 5th over - 0 runs, 0 hits, 0 errors, 2 left on base; Houston 1 - New York 1 |
| BOTTOM OF THE 5TH |
|
New York Yankees batting - Pitching for Houston Astros : LHP Kevin Rogers
|
|
Batting: RHB Willy Adames
|
0-0: Fly out, F8 (Line Drive, 8RS, EV 90.0 MPH)
|
|
Batting: RHB Tyrone Taylor
|
0-0: Ball 1-0: Ball 2-0: Called Strike 2-1: Fly out, F3 (Popup, 23F, EV 91.3 MPH)
|
|
Batting: SHB Bob MacKerchar
|
0-0: Foul Ball, location: 2F 0-1: Called Strike 0-2: Ball 1-2: Foul Ball, location: 3FF 1-2: Ball 2-2: SINGLE (Groundball, 15, EV 67.5 MPH) (infield hit)
|
|
Batting: SHB Jonah Heim
|
0-0: SINGLE (Groundball, 34D, EV 95.6 MPH) Bob MacKerchar to second Runner from 2nd tries for 3rd, SAFE, throw by RF made to third Jonah Heim to second
|
|
Batting: RHB Israel Ávila
|
0-0: Called Strike 0-1: Ball 1-1: Ground out 4-3 (Groundball, 4M, EV 83.1 MPH)
|
| Bottom of the 5th over - 0 runs, 2 hits, 0 errors, 2 left on base; Houston 1 - New York 1 |
| TOP OF THE 6TH |
|
Houston Astros batting - Pitching for New York Yankees : RHP Pete Lambert
|
|
Pitching: RHP Dan Snow
|
|
|
Batting: LHB Devin Jones
|
0-0: Called Strike 0-1: SINGLE (Flyball, 34D, EV 93.8 MPH)
|
|
Batting: RHB Steve Sweet
|
0-0: Ball 1-0: Ball 2-0: Ball 3-0: Base on Balls Devin Jones to second
|
|
Batting: RHB Tyrone Ibarra
|
0-0: Called Strike 0-1: Called Strike 0-2: Strikes out swinging
|
|
Pinch Hitting: SHB Jorge Gonzáles
|
0-0: Ball 1-0: Called Strike 1-1: Fielders Choice at 2nd, 6-4 (Groundball, 6, EV 87.5 MPH) Devin Jones to third
|
|
Batting: RHB Lane Thomas
|
0-0: Ball 1-0: Ball 2-0: Foul Ball, location: 2F 2-1: Fly out, F9 (Flyball, 9S, EV 90.6 MPH)
|
| Top of the 6th over - 0 runs, 1 hit, 0 errors, 2 left on base; Houston 1 - New York 1 |
| BOTTOM OF THE 6TH |
|
New York Yankees batting - Pitching for Houston Astros : LHP Kevin Rogers
|
|
Now at 2B: Jorge Gonzáles
|
|
|
Now at SS: Starlin Castro
|
|
|
Batting: RHB Li-Jen Chu
|
0-0: Called Strike 0-1: Ball 1-1: Called Strike 1-2: SINGLE (Groundball, 6D, EV 95.6 MPH)
|
|
Batting: RHB David Carrasco
|
0-0: Ball 1-0: Ball 2-0: Ball 3-0: Called Strike 3-1: Fly out, F9 (Flyball, 9, EV 85.6 MPH)
|
|
Batting: LHB Juan García
|
0-0: Called Strike 0-1: Ball 1-1: Ball 2-1: Fly out, F8 (Flyball, 8RD, EV 110.0 MPH)
|
|
Batting: LHB Álex Guiñónes
|
0-0: Called Strike 0-1: Fly out, F6 (Popup, 6, EV 55.6 MPH)
|
| Bottom of the 6th over - 0 runs, 1 hit, 0 errors, 1 left on base; Houston 1 - New York 1 |
| TOP OF THE 7TH |
|
Houston Astros batting - Pitching for New York Yankees : RHP Dan Snow
|
|
Pitching: LHP Raymond Rodriguez
|
|
|
Batting: LHB José Villarreal
|
0-0: Ball 1-0: Foul Ball, location: 25FF 1-1: Ball 2-1: SINGLE (Line Drive, 78M, EV 103.1 MPH)
|
|
Batting: LHB Claude Spears
|
0-0: Sac Bunt to 2R - play at first, batter OUT! 2-3 José Villarreal to second
|
|
Batting: RHB Starlin Castro
|
0-0: Intentional Walk
|
|
Batting: LHB Steve McGuire
|
0-0: SINGLE (Line Drive, 78S, EV 102.5 MPH) José Villarreal to third Starlin Castro to second
|
|
Batting: LHB Devin Jones
|
0-0: Fly out, F9 (Flyball, 9S, EV 91.9 MPH)
|
|
Pitching: RHP Nate Brown
|
|
|
Pinch Hitting: LHB Steve Walker
|
0-0: Ball 1-0: Ground out 4-3 (Groundball, 4, EV 104.4 MPH)
|
| Top of the 7th over - 0 runs, 2 hits, 0 errors, 3 left on base; Houston 1 - New York 1 |
| BOTTOM OF THE 7TH |
|
New York Yankees batting - Pitching for Houston Astros : LHP Kevin Rogers
|
|
Pitching: RHP A.J. Ramos
|
|
|
Now at 1B: Steve Walker
|
|
|
Batting: RHB Willy Adames
|
0-0: Foul Ball, location: 5FF 0-1: Swinging Strike 0-2: Ball 1-2: Ball 2-2: Strikes out looking
|
|
Batting: RHB Tyrone Taylor
|
0-0: Ball 1-0: Ground out U3 (Groundball, 3, EV 103.1 MPH)
|
|
Batting: SHB Bob MacKerchar
|
0-0: Foul Ball, location: 7LMF 0-1: Ball 1-1: Fly out, F8 (Flyball, 8LXD, EV 109.4 MPH)
|
| Bottom of the 7th over - 0 runs, 0 hits, 0 errors, 0 left on base; Houston 1 - New York 1 |
| TOP OF THE 8TH |
|
Houston Astros batting - Pitching for New York Yankees : RHP Nate Brown
|
|
Batting: RHB Tyrone Ibarra
|
0-0: Called Strike 0-1: Ball 1-1: Ball 2-1: Called Strike 2-2: Ground out 6-3 (Groundball, P, EV 91.9 MPH)
|
|
Batting: SHB Jorge Gonzáles
|
0-0: Called Strike 0-1: Foul Ball, location: 5F 0-2: Ball 1-2: Strikes out swinging
|
|
Batting: RHB Lane Thomas
|
0-0: Called Strike 0-1: Foul Ball, location: 2F 0-2: Ground out 6-3 (Groundball, 6, EV 85.0 MPH)
|
| Top of the 8th over - 0 runs, 0 hits, 0 errors, 0 left on base; Houston 1 - New York 1 |
| BOTTOM OF THE 8TH |
|
New York Yankees batting - Pitching for Houston Astros : RHP A.J. Ramos
|
|
Batting: SHB Jonah Heim
|
0-0: Ball 1-0: Swinging Strike 1-1: SINGLE (Line Drive, 78S, EV 98.8 MPH)
|
|
Batting: RHB Israel Ávila
|
0-0: Ball 1-0: Ball 2-0: Foul Ball, location: 3SF 2-1: SINGLE (Line Drive, 9LS, EV 95.0 MPH) Jonah Heim to second Runner from 2nd tries for 3rd, SAFE, throw by RF made to third
|
|
Batting: RHB Li-Jen Chu
|
0-0: Ball 1-0: Ball 2-0: DOUBLE (Line Drive, 7LS, EV 95.0 MPH) Jonah Heim scores Israel Ávila to third
|
|
Batting: RHB David Carrasco
|
0-0: Swinging Strike 0-1: Hit by Pitch
|
|
Pinch Runner at 1st Wyatt Mathisen:
|
|
|
Batting: LHB Juan García
|
0-0: Ball 1-0: Ball 2-0: Foul Ball, location: 7LSF 2-1: Single, Error in OF, E7, batter to second base (Line Drive, 7LS, EV 88.8 MPH) Israel Ávila scores Li-Jen Chu scores Wyatt Mathisen to third
|
|
Batting: LHB Álex Guiñónes
|
0-0: Intentional Walk
|
|
Pitching: RHP José Morán
|
|
|
Batting: RHB Willy Adames
|
0-0: Ball 1-0: SINGLE (Groundball, 6, EV 103.1 MPH) (infield hit) Wyatt Mathisen scores Juan García to third Álex Guiñónes to second
|
|
Batting: RHB Tyrone Taylor
|
0-0: Ball 1-0: Swinging Strike 1-1: Fly out, F5 (Popup, 6S, EV 68.8 MPH)
|
|
Batting: SHB Bob MacKerchar
|
0-0: Called Strike 0-1: Ball 1-1: Foul Ball, location: 3F 1-2: Foul Ball, location: 23FF 1-2: Ball 2-2: Foul Ball, location: 3F 2-2: Ball 3-2: Foul Ball, location: 2F 3-2: Strikes out swinging
|
|
Batting: SHB Jonah Heim
|
0-0: Called Strike 0-1: SINGLE (Line Drive, 56D, EV 96.9 MPH) Juan García scores Álex Guiñónes to third Willy Adames to second Runner from 3rd tries for Home, throw by LF and OUT! 7-6-2
|
| Bottom of the 8th over - 5 runs, 6 hits, 1 error, 2 left on base; Houston 1 - New York 6 |
| TOP OF THE 9TH |
|
Houston Astros batting - Pitching for New York Yankees : RHP Nate Brown
|
|
Now at 3B: Wyatt Mathisen
|
|
|
Batting: LHB José Villarreal
|
0-0: Ball 1-0: Ball 2-0: Foul Ball, location: 2F 2-1: Swinging Strike 2-2: Ball 3-2: Foul Ball, location: 5DF 3-2: Strikes out swinging, 2-3 out at first.
|
|
Batting: LHB Claude Spears
|
0-0: Ground out U3 (Groundball, 3L, EV 90.6 MPH)
|
|
Batting: RHB Starlin Castro
|
0-0: Ball 1-0: Ground out 4-3 (Groundball, 4D, EV 95.6 MPH)
|
| Top of the 9th over - 0 runs, 0 hits, 0 errors, 0 left on base; Houston 1 - New York 6 |
|